 Dungeon Crawl Stone Soup version 0.27-a0-323-gbd089401bb (webtiles) character file.

Game seed: 9068783331104914333

471 dickylongcocking the Insei (level 6, 0/48 HPs)
             Began as a Demonspawn Monk on Feb 11, 2021.
             Killed by divine providence
             ... invoked by an orc priest
              (11 damage)
             ... on level 5 of the Dungeon.
             The game lasted 00:03:23 (5064 turns).

dickylongcocking the Insei (Demonspawn Monk)        Turns: 5064, Time: 00:03:23

Health: 0/48       AC: 11    Str: 13    XL:     6   Next: 83%
Magic:  5/5        EV: 10    Int: 11    God:
Gold:   175        SH:  0    Dex: 16    Spells: 5/5 levels left

rFire    . . .     SeeInvis +     - Unarmed
rCold    . . .     Faith    .   (no shield)
rNeg     . . .     Spirit   .   w - +2 scale mail {rPois}
rPois    +         Reflect  .   f - +0 helmet
rElec    .         Harm     .   u - +0 cloak
rCorr    .         Rampage  .   (no gloves)
Will     .....                  n - +0 pair of boots
Stlth    +.........             (no amulet)
HPRegen  0.16/turn              h - ring of see invisible
MPRegen  0.09/turn              (no ring)

@: no status effects
A: claws 2, talons 1, low mp 1, demonic magic 1
a: no special abilities


You were on level 5 of the Dungeon.
You visited 1 branch of the dungeon, and saw 5 of its levels.

You collected 175 gold pieces.

Inventory:

Hand Weapons
 a - a +0 falchion
Missiles
 p - 8 boomerangs of dispersal (quivered)
Armour
 b - a +0 robe
 f - a +0 helmet (worn)
 i - a +0 scale mail
 n - a +0 pair of boots (worn)
 u - a +0 cloak (worn)
 w - a +2 scale mail of poison resistance (worn)
Jewellery
 h - a ring of see invisible (left claw)
 t - a +6 ring of strength {unknown}
 v - a ring of ice {unknown}
Wands
 s - a wand of polymorph (6)
Scrolls
 c - a scroll of amnesia {unknown}
 e - 7 scrolls of identify {unknown}
 g - 2 scrolls of noise {unknown}
 k - 4 scrolls of teleportation {unknown}
 l - a scroll of fear {unknown}
 m - a scroll of random uselessness {unknown}
 o - 4 scrolls of fog {unknown}
 r - a scroll of enchant armour {unknown}


   Skills:
 * Level 4.2 Fighting
 - Level 2.9 Long Blades
 + Level 1.5 Armour
 - Level 2.9 Dodging
 - Level 1.8 Stealth
 * Level 5.2 Unarmed Combat


You had 5 spell levels left.
You didn't know any spells.
Your spell library was empty.

Dungeon Overview and Level Annotations

Branches:
Dungeon (5/15)
 Temple: D:4-7

Altars:
Ashenzari
Vehumet
Wu Jian

Shops:
D:5 [

Annotations:
D:4 Grinder


Innate Abilities, Weirdness & Mutations

You have very sharp fingernails.
You have sharp toenails.
Spells you cast may paralyse adjacent enemies.
Your magical capacity is low. (-10% MP)


Message History

Unknown command.
Your scale mail prevents you from hitting the hound.
The hound is almost dead.
The hound closely misses you. The orc hits you but does no damage.
Unknown command.
You claw the hound!
You kill the hound!
The orc hits you but does no damage.
Unknown command.
You aren't carrying any potions.
Unknown command.
You aren't carrying any potions.
Unknown command.
You scratch the orc.
The orc is lightly wounded.
The orc hits you but does no damage.
You scratch the orc.
The orc is moderately wounded.
You scratch the orc.
The orc is almost dead.
The orc hits you but does no damage.
You closely miss the orc.
The orc is almost dead.
The orc hits you but does no damage.
You closely miss the orc.
The orc is almost dead.
The orc closely misses you.
The orc priest calls down the wrath of Beogh upon you.
Beogh smites you!
* * * LOW HITPOINT WARNING * * *
You closely miss the orc.
The orc is almost dead.
The orc barely misses you.
You scratch the orc.
You kill the orc!
You claw the orc priest!
The orc priest is heavily wounded.
The orc priest invokes the aid of Beogh against you.
Beogh smites you!
You die...

#.#.#..#. #.#.#...
# #∩#.#..### #.
#.#.#.... #
#.##.#$...#####
##.#......#.......
...........†......
#....#..)o#
#..#.##@#
###.....###
...........+
####.###..## ...
#..## ### #...#
#.#.##
..##.#..######..
#...............


You could see an orc priest.

Vanquished Creatures
  2 centaurs
  A phantom (D:5)
  A howler monkey (D:5)
  A bullfrog zombie (D:4)
  A hound (D:5)
  6 adders
  2 oozes (D:3)
  3 dart slugs
  A leopard gecko (D:3)
  4 orcs
  3 ball pythons
  A giant cockroach (D:1)
  4 goblins
  11 hobgoblins
  11 jackals
  A quokka (D:2)
  A bat (D:1)
  4 frilled lizards
  9 kobolds
  4 rats
71 creatures vanquished.

Vanquished Creatures (others)
  A giant cockroach (D:3)
  A quokka (D:3)
  A plant (D:2)
3 creatures vanquished.

Grand Total: 74 creatures vanquished

Notes
Turn   | Place    | Note
-------+----------+-------------------------------------------
     0 | D:1      | dickylongcocking the Demonspawn Monk began the quest for
                  | the Orb.
     0 | D:1      | Reached XP level 1. HP: 18/18 MP: 1/1
   395 | D:1      | Gained mutation: You have sharp fingernails. [demonic
                  | ancestry]
   395 | D:1      | Reached XP level 2. HP: 21/24 MP: 2/2
   780 | D:1      | Reached skill level 1 in Unarmed Combat
  1346 | D:2      | Gained mutation: You have very sharp fingernails. [demonic
                  | ancestry]
  1346 | D:2      | Reached XP level 3. HP: 24/29 MP: 3/3
  1633 | D:2      | Reached skill level 2 in Unarmed Combat
  2238 | D:2      | Gained mutation: You have sharp toenails. [demonic
                  | ancestry]
  2238 | D:2      | Reached XP level 4. HP: 30/35 MP: 4/4
  2864 | D:3      | Reached skill level 3 in Unarmed Combat
  3017 | D:3      | Noticed a centaur
  3027 | D:3      | Killed a centaur
  3028 | D:3      | Reached skill level 4 in Unarmed Combat
  3028 | D:3      | Reached XP level 5. HP: 17/41 MP: 5/5
  3584 | D:3      | Noticed Terence
  3594 | D:3      | Gained mutation: Your magical capacity is low. (-10% MP)
                  | [potion of mutation]
  3594 | D:3      | Gained mutation: Your magical capacity is very low. (-20%
                  | MP) [potion of mutation]
  3594 | D:3      | Lost mutation: Your magical capacity is very low. (-20% MP)
                  | [potion of mutation]
  3595 | D:3      | Noticed Terence
  3595 | D:3      | Terence changed into Terence the jackal
  3601 | D:3      | Killed Terence the jackal
  3688 | D:3      | Found a radiant altar of Vehumet.
  4195 | D:3      | Found an ornate altar of the Wu Jian Council.
  4196 | D:3      | Found a broken altar of Ashenzari.
  4475 | D:4      | Noticed Grinder
  4478 | D:4      | Paralysed by Grinder for 7 turns
  4487 | D:4      | Paralysed by Grinder for 4 turns
  4493 | D:5      | Entered Level 5 of the Dungeon
  4892 | D:5      | Noticed a phantom
  4908 | D:5      | Killed a phantom
  4909 | D:5      | Gained mutation: Spells you cast may paralyse adjacent
                  | enemies. [demonic ancestry]
  4909 | D:5      | Reached XP level 6. HP: 42/47 MP: 5/5
  4961 | D:5      | Reached skill level 1 in Armour
  4961 | D:5      | Reached skill level 5 in Unarmed Combat
  5025 | D:5      | Found Tunimam's Antique Armour Shop.
  5064 | D:5      | Killed from afar by an orc priest

Illustrated notes

Levels and vault maps discovered:
D:1:      psy_arrival_dodecagon, layout_basic
D:2:      layout_basic, serial_forest, infiniplex_forest_straight_5,
          infiniplex_forest_zigzag_2, infiniplex_forest_straight_4,
          infiniplex_forest_clump_curved, infiniplex_forest_straight_4,
          infiniplex_forest_clump_long, infiniplex_forest_clump_diagonal,
          infiniplex_forest_end_double, kennysheep_generic_room_5
D:3:      wander_river, layout_basic, fiery_altar_vehumet,
          gammafunk_temple_overflow_pools, grunt_ministairs_5, uniq_terence
D:4:      layout_cave_pods, uniq_grinder
D:5:      layout_basic, kennysheep_mini, serial_shops, shop,
          cheibrodos_gnoll_hut, uniq_menkaure

Skill      XL: |  1  2  3  4  5  6 |
---------------+-------------------+-----
Unarmed Combat | 1 2 4 5 |  5.2
Armour         | 1 |  1.5
Fighting       | 4 |  4.2
Long Blades    | |  2.9
Dodging        | |  2.9
Stealth        | |  1.8

Action                   |  1- 3 |  4- 6 || total
-------------------------+-------+-------++-------
Melee: Falchion          |   107 |       ||   107
       Unarmed           |    13 |   165 ||   178
       Punch             |       |     4 ||     4
Evoke: Wand              |       |     1 ||     1
  Use: Potion            |     1 |     4 ||     5
       Scroll            |       |     1 ||     1
Armor: Robe              |     3 |       ||     3
       Scale mail        |    53 |    76 ||   129
Dodge: Dodged            |    78 |    89 ||   167
       Rpst.: Falchion   |    18 |       ||    18

Table legend: (Time is in decaauts)
 A = Elapsed time spent in this place.
 B = Non-inter-level travel time spent in this place.
 C = Inter-level travel time spent in this place.
 D = Time resting spent in this place.
 E = Time spent auto-exploring this place.
 F = Levels seen in this place.
 G = Mean time per level.
                   A        B        C        D        E       F      G
               +--------+--------+--------+--------+--------+-----+--------+
         Total |   5095 |   4861 |    234 |    757 |   3497 |   5 | 1019.0 |
       Dungeon |   5095 |   4861 |    234 |    757 |   3497 |   5 | 1019.0 |
               +--------+--------+--------+--------+--------+-----+--------+

Top non-repeatable levels by time:
     D:3: 1612 daAuts
     D:2: 1492 daAuts
     D:1: 1258 daAuts
     D:5: 564 daAuts
     D:4: 167 daAuts
